 Dungeon Sprint DCSS version 0.21.1-1-g345015f (webtiles) character file.

466 Fang the Fighter (level 7, -2/76 HPs)
             Began as a Gargoyle Berserker on July 10, 2018.
             Was a High Priest of Trog.
             Slain by an unseen horror (3 damage)
             ... in the Dungeon (Sprint VII: "The Pits").
             The game lasted 00:01:32 (585 turns).

Fang the Fighter (Gargoyle Berserker)                Turns: 585, Time: 00:01:33

Health: -2/76      AC:  7    Str: 28    XL:     7   Next: 8%
Magic:  7/7        EV: 14    Int:  7    God:    Trog [*****.]
Gold:   0          SH:  0    Dex:  9    Spells: 6/6 levels left

rFire    . . .     SeeInvis .   m - +2 hand axe (freeze)
rCold    . . .     Gourm    .   (no shield)
rNeg     + . .     Faith    .   b - +0 animal skin
rPois    ∞         Spirit   .   (no helmet)
rElec    +         Reflect  .   (no cloak)
rCorr    .         Harm     .   (no gloves)
MR       .....     NoTele   +   (no boots)
Stlth    ..........             (no amulet)
HPRegen  0.22/turn              (no ring)
MPRegen  0.10/turn              (no ring)

@: berserking, very quick
A: negative energy resistance 1, electricity resistance, unbreathing,
petrification resistance, rot immunity, AC +4
a: Berserk, Trog's Hand, Brothers in Arms, Burn Spellbooks, Renounce Religion


You were in the Dungeon.
You worshipped Trog.
Trog was extremely pleased with you.
You were hungry.

You visited 1 branch

Inventory:

Hand Weapons
 j - a +2 hand axe
 m - a +2 hand axe of freezing (weapon)
Armour
 b - a +0 animal skin (worn)
Scrolls
 i - a scroll of blinking
 k - 3 scrolls of remove curse
 l - a scroll of summoning
Potions
 a - 2 potions of invisibility
 d - 6 potions of curing
 e - 6 potions of heal wounds
 f - a potion of haste
 g - 4 potions of magic
 h - 3 potions of berserk rage
Comestibles
 c - 9 rations
 n - a chunk of flesh


   Skills:
 + Level 9.4 Fighting
 + Level 9.4 Axes
 + Level 4.7 Armour
 + Level 5.4 Dodging


You had 6 spell levels left.
You didn't know any spells.

Dungeon Overview and Level Annotations

Branches:
Dungeon (1/1)

Altars:
Cheibriados
Dithmenos
Elyvilon
Fedhas
Gozag
Hepliaklqana
Makhleb
Nemelex Xobeh
Okawaru
Qazlal
Ru
Sif Muna
Trog
Vehumet
Wu Jian
Xom
Yredelemnul
Zin
The Shining One
Beogh
Jiyva
Lugonu


Innate Abilities, Weirdness & Mutations

You are resistant to torment.
Your stone body is resilient. (AC +4)
You are immune to poison.
You resist negative energy. (rN+)
You are resistant to electric shocks. (rElec)
You can survive without breathing.
You are immune to petrification.
You are immune to rotting.


Message History

Unknown command.
You hit the orc. You freeze the orc.
You feel the power of Trog in you as your rage grows.
You kill the orc!
Trog accepts your kill.
You hit something. You freeze something. Something hits you.
* * * LOW HITPOINT WARNING * * *
Something hits you.
* * * LOW HITPOINT WARNING * * *
The gnoll barely misses you.
Items here: )) [[ † a whip; a ring mail; a trident; a ring mail; a gnoll corpse Unknown command.
You slash the gnoll! You freeze the gnoll.
You kill the gnoll!
Trog accepts your kill.
You miss something. Something hits you but does no damage.
Unknown command.
Something hits you.
You die...

#.#..#####.##.......#
#.#.†'...#.##.......#
#.#..†...†.##.......#
#.#†.########...<...#
#.#..'.)))[##.......#
#.#..#.)).[##.......#
#'###########.......#
#.÷.....#..##########
#.###...#@#
#.#.....#)#
#.#...#.#)#
#.....#.#.+
#...###.#'#
#.......'.#
###########


There were no monsters in sight!

Vanquished Creatures
  A hungry ghost (D)
  A wolf (D)
  A gnoll sergeant (D)
  A bullfrog (D)
  A scorpion (D)
  A worker ant (D)
  2 gnolls (D)
  A river rat (D)
  2 oozes (D)
  An adder skeleton (D)
  A leopard gecko (D)
  An orc (D)
  3 jackals (D)
  2 bats (D)
  2 frilled lizards (D)
  A rat (D)
22 creatures vanquished.

Notes
Turn   | Place    | Note
-------+----------+-------------------------------------------
     0 | D        | Fang the Gargoyle Berserker began the quest for the Orb.
     0 | D        | Reached XP level 1. HP: 14/14 MP: 1/1
    25 | D        | Found a bloodstained altar of Trog.
    25 | D        | Found a deep blue altar of Sif Muna.
    25 | D        | Found a viscous altar of Jiyva.
    25 | D        | Found a hazy altar of Hepliaklqana.
    25 | D        | Found an opulent altar of Gozag.
    26 | D        | Found a glowing golden altar of the Shining One.
    26 | D        | Found a glowing silver altar of Zin.
    26 | D        | Found a basalt altar of Yredelemnul.
    26 | D        | Found a shimmering altar of Xom.
    26 | D        | Found an ornate altar of the Wu Jian Council.
    26 | D        | Found a sacrificial altar of Ru.
    26 | D        | Found a stormy altar of Qazlal.
    26 | D        | Found an iron altar of Okawaru.
    26 | D        | Found a sparkling altar of Nemelex Xobeh.
    26 | D        | Found a burning altar of Makhleb.
    26 | D        | Found a blossoming altar of Fedhas.
    26 | D        | Found a white marble altar of Elyvilon.
    26 | D        | Found a shadowy altar of Dithmenos.
    26 | D        | Found a snail-covered altar of Cheibriados.
    28 | D        | Found a radiant altar of Vehumet.
    28 | D        | Found a corrupted altar of Lugonu.
    28 | D        | Found a roughly hewn altar of Beogh.
    87 | D        | Reached ** piety under Trog
   142 | D        | Noticed a bullfrog
   146 | D        | Reached XP level 2. HP: 20/20 MP: 2/2
   147 | D        | Reached *** piety under Trog
   150 | D        | Killed a bullfrog
   150 | D        | Reached skill level 5 in Axes
   150 | D        | Reached XP level 3. HP: 27/27 MP: 3/3
   150 | D        | Reached XP level 4. HP: 32/32 MP: 4/4
   242 | D        | Noticed a wolf
   247 | D        | Noticed a hungry ghost
   252 | D        | Killed a wolf
   252 | D        | Reached XP level 5. HP: 16/38 MP: 5/5
   256 | D        | Reached **** piety under Trog
   266 | D        | Killed a hungry ghost
   266 | D        | Reached XP level 6. HP: 14/45 MP: 6/6
   266 | D        | Reached skill level 5 in Dodging
   270 | D        | Reached ***** piety under Trog
   580 | D        | Reached XP level 7. HP: 6/51 MP: 7/7
   582 | D        | HP: 1/76 [something (4)]
   585 | D        | Slain by an unseen horror

Skill      XL: |  1  2  3  4  5  6 |
---------------+-------------------+-----
Axes           | 3 5 6 8 9 |  9.4
Fighting       | 4 6 7 8 9 |  9.4
Dodging        | 3 4 5 |  5.4
Armour         | 3 4 |  4.7

Action                   |  1- 3 |  4- 6 |  7- 9 || total
-------------------------+-------+-------+-------++-------
Melee: Hand axe          |    19 |    33 |     3 ||    55
Invok: Berserk           |     1 |     2 |       ||     3
  Eat: Chunk             |       |     2 |       ||     2
Armor: Animal skin       |     9 |     9 |     3 ||    21
Dodge: Dodged            |    15 |    19 |     3 ||    37
